[Event "Titled Tuesday Blitz May 23 Early 2023"]
[White "Cardozo Munar, Carlos Eduardo"]
[Black "Blokhin, Sofia"]
[WhiteFideId "4409477"]
[BlackFideId "4508190"]
[WhiteElo "2067"]
[BlackElo "1994"]
[Result "1-0"]
[Round "10"]
[TimeControl "180+2"]
[Date "2023.05.23"]
[WhiteClock "0:00:19"]
[BlackClock "0:00:30"]

1. e4 c5 2. Nf3 e6 3. Bc4 a6 4. a4 Nc6 5. Nc3 Qc7 6. O-O Nf6 7. Re1 Bd6 8. h3 Nd4 9. d3 Nxf3+ 10. Qxf3 Be5 11. Ne2 b6 12. c3 Bb7 13. Bf4 d6 14. Bxe5 dxe5 15. Qg3 O-O 16. Bb3 c4 17. Bxc4 Nxe4 18. dxe4 Qxc4 19. Qxe5 Qxe4 20. Qxe4 Bxe4 21. Nd4 Bd5 22. a5 b5 23. Rad1 Rac8 24. Nf5 Rc7 25. Ne7+ Rxe7 26. Rxd5 Rc7 27. Rd6 Ra8 28. Red1 h6 29. Rb6 Rc4 30. Rdd6 Ra4 31. Rxa6 Rxa5 32. Rxa5 Rxa5 33. Rb6 Kf8 34. Kf1 Ke7 35. Ke2 Kf6 36. Kd3 Ke5 37. b4 Ra2 38. Rxb5+ Kd6 39. Ke3 Rc2 40. Rc5 f6 41. g4 e5 42. h4 g6 43. h5 gxh5 44. gxh5 f5 45. f4 exf4+ 46. Kxf4 Rf2+ 47. Kg3 Rf1 48. Ra5 f4+ 49. Kg2 Rc1 50. Ra6+ Ke5 51. Rxh6 Rxc3 52. Rb6 Rc2+ 53. Kf3 Rc3+ 54. Kf2 Rc2+ 55. Kf1 Ke4 56. h6 Kf3 57. Ke1 Rh2 58. b5 Ke3 59. Re6+ Kd4 60. b6 f3 61. b7 Rb2 62. h7 f2+ 63. Kf1 Rb1+ 64. Kxf2 Rb2+ 65. Re2 1-0


[Site "https://www.chess.com"]

[Event "Titled Tuesday Blitz May 23 Early 2023"]
[White "chessjazda"]
[Black "Guevara Sanchez, Erick Marvin"]
[BlackFideId "6700136"]
[WhiteElo "2275"]
[BlackElo "2040"]
[Result "1-0"]
[Round "10"]
[TimeControl "180+2"]
[Date "2023.05.23"]
[WhiteClock "0:01:07"]
[BlackClock "0:00:00"]

1. b4 e5 2. Bb2 d6 3. e3 Be6 4. c4 Be7 5. Nc3 Nf6 6. Be2 Nbd7 7. d4 c6 8. Nf3 Qb6 9. b5 cxb5 10. cxb5 e4 11. Nd2 d5 12. O-O Bd6 13. a4 Rc8 14. h3 g5 15. a5 Qc7 16. Qb3 h5 17. Rfc1 Qb8 18. Na4 g4 19. Rxc8+ Qxc8 20. Rc1 Qb8 21. h4 b6 22. Rc6 Bh2+ 23. Kf1 g3 24. f3 exf3 25. Bxf3 Ng4 26. Ke2 Nf2 27. Qc2 O-O 28. Nc3 Bg4 29. Nxd5 Qe8 30. Rh6 f5 31. Qc6 Bxf3+ 32. Nxf3 1-0


[Site "https://www.chess.com"]

[Event "Titled Tuesday Blitz May 23 Early 2023"]
[White "Singgih, Diajeng Theresa"]
[Black "Thiel, Thomas"]
[WhiteFideId "7104391"]
[BlackFideId "4615964"]
[WhiteElo "1891"]
[BlackElo "2240"]
[Result "1-0"]
[Round "10"]
[TimeControl "180+2"]
[Date "2023.05.23"]
[WhiteClock "0:01:43"]
[BlackClock "0:01:40"]

1. e4 d5 2. exd5 Nf6 3. d4 Nxd5 4. c4 Nb6 5. Nc3 e5 6. d5 Bb4 7. Bd2 c6 8. Qf3 O-O 9. O-O-O cxd5 10. cxd5 f5 11. a3 Bd6 12. Nh3 h6 13. Kb1 e4 14. Qe3 N8d7 15. Nb5 Ne5 16. Qd4 Ng4 17. Nxd6 Qxd6 18. Bb4 Qg6 19. Bxf8 Kxf8 20. Nf4 Qe8 21. Bc4 Bd7 22. Bb3 a5 1-0


[Site "https://www.chess.com"]

[Event "Titled Tuesday Blitz May 23 Early 2023"]
[White "Piesik, Piotr"]
[Black "Blackwhite017"]
[WhiteFideId "1136194"]
[WhiteElo "2299"]
[BlackElo "2096"]
[Result "1-0"]
[Round "10"]
[TimeControl "180+2"]
[Date "2023.05.23"]
[WhiteClock "0:00:50"]
[BlackClock "0:00:24"]

1. Nf3 c5 2. e4 Nc6 3. Bb5 g6 4. Bxc6 dxc6 5. d3 Bg7 6. h3 Nf6 7. Nc3 O-O 8. Bf4 Re8 9. Qd2 Nh5 10. Bh6 Bh8 11. g4 Nf6 12. O-O-O b5 13. e5 Nd5 14. Ne4 Qb6 15. Be3 Nxe3 16. Qxe3 c4 17. dxc4 Qxe3+ 18. fxe3 bxc4 19. Rd4 Be6 20. Nc3 h5 21. gxh5 gxh5 22. Rh4 f6 23. Rg1+ Kf7 24. Rxh5 Rg8 25. Rh7+ Bg7 26. Ne4 Bf5 27. Rh4 fxe5 28. Neg5+ Ke8 29. Rxc4 Kd7 30. h4 Bf6 31. e4 Bg6 32. Rc5 Bh5 33. Nxe5+ Kd6 34. Nd3 Bd4 35. e5+ Kd7 36. Rg3 Bxc5 37. Nxc5+ Kc7 38. Nge6+ Kb6 39. Rb3+ Ka5 40. Nb7+ Ka6 41. Nec5# 1-0


[Site "https://www.chess.com"]

[Event "Titled Tuesday Blitz May 23 Early 2023"]
[White "Shapiro, Viktor"]
[Black "Hon, Eric"]
[WhiteFideId "4175700"]
[BlackFideId "2097117"]
[WhiteElo "2152"]
[BlackElo "1918"]
[Result "0-1"]
[Round "10"]
[TimeControl "180+2"]
[Date "2023.05.23"]
[WhiteClock "0:00:11"]
[BlackClock "0:00:31"]

1. Nf3 d5 2. c4 dxc4 3. e3 e6 4. Bxc4 Nf6 5. O-O Bd6 6. d4 O-O 7. Nc3 c5 8. Qe2 cxd4 9. Nxd4 a6 10. b3 Qc7 11. h3 b5 12. Ncxb5 axb5 13. Nxb5 Qe7 14. Nxd6 Qxd6 15. a4 Ba6 16. Ba3 Bxc4 17. Qxc4 Qc6 18. Qxc6 Nxc6 19. Bxf8 Kxf8 20. Rfc1 Na5 21. Rab1 Rb8 22. b4 Nb7 23. f3 Ke7 24. e4 Nd7 25. a5 Nd6 26. Rc7 Nb5 27. Rcc1 f6 28. Rb3 e5 29. Kf2 Nd4 30. Rb2 Kd6 31. Rc4 Ra8 32. f4 Nb8 33. fxe5+ fxe5 34. Ke3 Nbc6 35. Kd3 Rb8 36. Kc3 Nb5+ 37. Kd3 Ncd4 38. g4 Rf8 39. Rc5 Rf3+ 40. Kd2 Rxh3 41. Rd5+ Ke6 42. a6 Rh2+ 43. Kc1 Rh1+ 44. Kd2 Ra1 45. Kd3 Ra3+ 46. Kd2 Rxa6 47. Rc5 h6 48. Kd3 Ra3+ 49. Kd2 Rg3 50. Kc1 Rxg4 51. Rf2 Nb3+ 52. Kb2 Nxc5 53. bxc5 Rxe4 54. Rg2 g5 55. Rh2 Rh4 56. Rc2 Nd4 57. Rc4 Nc6 58. Rc1 Rh2+ 59. Kc3 g4 60. Rf1 g3 61. Rf8 g2 62. Rg8 h5 63. Kc4 h4 64. Rg6+ Kd7 65. Rd6+ Kc7 66. Rg6 h3 67. Rg7+ Kc8 68. Kd5 Rh1 69. Kxc6 g1=Q 70. Rc7+ Kb8 71. Rb7+ Ka8 72. Rh7 Qg2+ 73. Kb6 Rb1+ 74. Kc7 Qb7+ 75. Kd8 Qxh7 0-1


[Site "https://www.chess.com"]

[Event "Titled Tuesday Blitz May 23 Early 2023"]
[White "MANOJ_MISHRA123"]
[Black "Cramling Bellon, Anna"]
[BlackFideId "32009232"]
[WhiteElo "2234"]
[BlackElo "1976"]
[Result "1-0"]
[Round "10"]
[TimeControl "180+2"]
[Date "2023.05.23"]
[WhiteClock "0:00:20"]
[BlackClock "0:00:02"]

1. e4 c5 2. b4 cxb4 3. a3 b3 4. cxb3 d5 5. exd5 Qxd5 6. Nc3 Qd8 7. Nf3 Nc6 8. Bc4 e6 9. O-O Nf6 10. d4 Be7 11. d5 exd5 12. Nxd5 O-O 13. Bb2 Be6 14. Nxe7+ Qxe7 15. Re1 Rfd8 16. Qe2 Bxc4 17. Qxc4 Qd6 18. Ng5 Qd5 19. Qh4 Nd4 20. Rad1 Ne2+ 21. Kf1 Qxd1 22. Rxd1 Rxd1+ 23. Kxe2 Rad8 24. Bxf6 R1d2+ 25. Ke3 R2d3+ 26. Ke4 gxf6 27. Qxh7+ Kf8 28. Qxf7# 1-0


[Site "https://www.chess.com"]

[Event "Titled Tuesday Blitz May 23 Early 2023"]
[White "Winkels, Marcel"]
[Black "James, Stuart"]
[WhiteFideId "1003887"]
[BlackFideId "7400489"]
[WhiteElo "1900"]
[BlackElo "1950"]
[Result "0-1"]
[Round "10"]
[TimeControl "180+2"]
[Date "2023.05.23"]
[WhiteClock "0:00:06"]
[BlackClock "0:00:21"]

1. d4 Nf6 2. Nc3 c5 3. Bf4 cxd4 4. Qxd4 Nc6 5. Qd2 e5 6. Bg5 Be7 7. e4 h6 8. Bh4 O-O 9. Nf3 Nxe4 10. Bxe7 Nxd2 11. Bxd8 Nxf3+ 12. gxf3 Rxd8 13. O-O-O d6 14. Bc4 Be6 15. Bd5 Bxd5 16. Nxd5 Rac8 17. c3 Kf8 18. Rhg1 g6 19. h4 Ne7 20. h5 Nxd5 21. Rxd5 g5 22. Rgd1 Ke7 23. a4 Rc4 24. Rb5 Rd7 25. Rb4 Rdc7 26. Rxc4 Rxc4 27. Rd5 Rxa4 28. Kc2 b6 29. Rd1 Rh4 30. b4 Rxh5 31. Ra1 Rh2 32. Rxa7+ Ke6 33. Kd3 Rxf2 34. Ke3 Rc2 35. Kd3 Rc1 36. Rb7 h5 37. Rxb6 h4 38. Rb8 Kf6 39. b5 Kg7 40. Ra8 Rb1 41. Kc4 h3 42. Ra2 f5 43. Rd2 g4 44. fxg4 fxg4 45. Rxd6 h2 46. Rd7+ Kg6 47. Rd6+ Kg5 0-1


[Site "https://www.chess.com"]

[Event "Titled Tuesday Blitz May 23 Early 2023"]
[White "Necula, Iulian"]
[Black "Clawitter, Craig"]
[WhiteFideId "1232380"]
[BlackFideId "2023105"]
[WhiteElo "1790"]
[BlackElo "2226"]
[Result "0-1"]
[Round "10"]
[TimeControl "180+2"]
[Date "2023.05.23"]
[WhiteClock "0:01:26"]
[BlackClock "0:00:06"]

1. d4 Nf6 2. Nc3 g6 3. Bf4 d5 4. e3 Bg7 5. h4 h5 6. Qd2 O-O 7. Nf3 c5 8. Nb5 Nc6 9. Nc7 Rb8 10. dxc5 e5 11. Nxe5 Nxe5 12. Bxe5 Ne4 13. Qxd5 Qxd5 14. Nxd5 Bxe5 15. Bd3 Nf6 16. Ne7+ Kg7 17. Nxc8 Rbxc8 18. O-O Bxb2 19. Rab1 Be5 20. Rxb7 Rc7 21. Rb5 Rfc8 22. f4 Bc3 23. f5 Rxc5 24. Rxc5 Rxc5 25. fxg6 fxg6 26. e4 Bd4+ 27. Kh2 Nd7 28. Rb1 Ne5 29. Rb7+ Kh6 30. Rxa7 Nxd3 31. cxd3 Rc3 32. Re7 Rxd3 33. a4 Ra3 34. e5 Rxa4 35. e6 Ra5 36. g3 Re5 37. Kg2 Bc5 38. Re8 Kg7 39. Kf3 Kf6 40. g4 hxg4+ 41. Kxg4 Rxe6 42. Rxe6+ Kxe6 43. Kg5 Kf7 44. h5 Be7+ 45. Kg4 g5 46. Kf5 Kg7 47. Kg4 Kh6 48. Kh3 Kxh5 49. Kg3 g4 50. Kg2 Kh4 51. Kh2 g3+ 52. Kg2 Kg4 53. Kg1 Kf3 54. Kh1 g2+ 55. Kg1 Bc5+ 56. Kh2 g1=Q+ 57. Kh3 Qg3# 0-1


[Site "https://www.chess.com"]

[Event "Titled Tuesday Blitz May 23 Early 2023"]
[White "Saim, Mohamed Ilias"]
[Black "Tarnowska, Aleksandra"]
[WhiteFideId "7900465"]
[BlackFideId "1180967"]
[WhiteElo "2063"]
[BlackElo "1776"]
[Result "0-1"]
[Round "10"]
[TimeControl "180+2"]
[Date "2023.05.23"]
[WhiteClock "0:00:00"]
[BlackClock "0:00:06"]

1. c4 Nf6 2. Nc3 e5 3. g3 Nc6 4. Bg2 Bb4 5. Nf3 O-O 6. O-O d6 7. d3 Bg4 8. h3 Bh5 9. a3 Bxc3 10. bxc3 e4 11. Nd4 exd3 12. Qxd3 Ne5 13. Qd1 c6 14. c5 dxc5 15. Nf5 Qc7 16. Bf4 Rfe8 17. Qb3 c4 18. Bxe5 Qxe5 19. Qc2 Qxe2 20. Qxe2 Rxe2 21. Rfe1 Rae8 22. Ne3 Rxe1+ 23. Rxe1 h6 24. g4 Bg6 25. Rd1 Bd3 26. Bf1 Bxf1 27. Kxf1 b5 28. Rd6 Rc8 29. Nf5 Rc7 30. Rd8+ Kh7 31. Ke2 Nd5 32. Kd2 Nf4 33. h4 Ne6 34. Ra8 Rd7+ 35. Kc2 Nc5 36. Rc8 Ne4 37. Rxc6 Rd2+ 38. Kc1 Rxf2 39. Rc7 Rf1+ 40. Kc2 Rf2+ 41. Kc1 Rf4 42. Rxf7 Rxg4 43. Rxa7 Nxc3 44. Kc2 Nd5 45. Ne7 Nxe7 46. Rxe7 Rg2+ 47. Kc3 Rg3+ 48. Kb4 Rb3+ 49. Kc5 c3 50. Re1 Rxa3 51. Kxb5 c2 52. Rc1 Rc3 53. Kb4 Rc8 54. h5 Rb8+ 55. Kc3 Rb5 56. Kd3 Rd5+ 57. Ke4 Rxh5 58. Rxc2 Rg5 59. Kf4 Rg1 0-1


[Site "https://www.chess.com"]

[Event "Titled Tuesday Blitz May 23 Early 2023"]
[White "stratacticos"]
[Black "Castillo Pena, Patricia Evarista"]
[BlackFideId "6412106"]
[WhiteElo "1895"]
[BlackElo "1919"]
[Result "1-0"]
[Round "10"]
[TimeControl "180+2"]
[Date "2023.05.23"]
[WhiteClock "0:00:05"]
[BlackClock "0:00:00"]

1. e4 c5 2. b4 cxb4 3. a3 bxa3 4. Nxa3 e5 5. Nf3 Nc6 6. Nc4 d6 7. Ba3 Be6 8. Ne3 Nf6 9. Bd3 Be7 10. O-O O-O 11. c3 d5 12. Bxe7 Qxe7 13. exd5 Nxd5 14. Nxd5 Bxd5 15. Bb5 a6 16. Bxc6 Bxc6 17. Re1 e4 18. Nd4 Qd7 19. Qh5 Rfe8 20. Re3 Qd5 21. Qg4 Re5 22. h4 h5 23. Qe2 Rae8 24. Re1 g6 25. Qd1 Kg7 26. Qc2 f5 27. Qb2 f4 28. c4 Qxc4 29. Nxc6 Qxc6 30. Rxe4 Qd6 31. Rxf4 Kh6 32. Re3 Rxe3 33. dxe3 Qd1+ 34. Kh2 Qd6 35. g3 Re7 36. Qh8+ Rh7 37. Qc3 Re7 38. Rf8 Rh7 39. Rf6 1-0


[Site "https://www.chess.com"]

[Event "Titled Tuesday Blitz May 23 Early 2023"]
[White "Mirimanian, Hayk"]
[Black "Silva Rosas, Natalia"]
[WhiteFideId "4700180"]
[BlackFideId "3000575"]
[WhiteElo "2280"]
[BlackElo "1651"]
[Result "1-0"]
[Round "10"]
[TimeControl "180+2"]
[Date "2023.05.23"]
[WhiteClock "0:00:51"]
[BlackClock "0:00:00"]

1. e4 c5 2. Nf3 e6 3. d4 cxd4 4. Nxd4 a6 5. c4 Bc5 6. Nb3 Ba7 7. Nc3 Nc6 8. Be2 Nf6 9. O-O d6 10. Kh1 Qc7 11. f4 Bb8 12. Bf3 h5 13. Qe2 b6 14. Be3 Bb7 15. Rac1 Ng4 16. Bxg4 hxg4 17. Qxg4 g6 18. Nd5 exd5 19. cxd5 Ba7 20. dxc6 Bxc6 21. Nd4 Qd7 22. Qg5 Bxe4 23. f5 b5 24. fxg6 Bxg6 25. Qf6 Rxh2+ 26. Kxh2 Qg4 27. Rf4 Qh5+ 28. Rh4 Qe5+ 29. Qxe5+ dxe5 30. Rh8+ 1-0


[Site "https://www.chess.com"]

[Event "Titled Tuesday Blitz May 23 Early 2023"]
[White "Palencia Morales, Wilson Guillermo"]
[Black "Slayyy_200"]
[WhiteFideId "4401859"]
[WhiteElo "2144"]
[BlackElo "2075"]
[Result "0-1"]
[Round "10"]
[TimeControl "180+2"]
[Date "2023.05.23"]
[WhiteClock "0:00:12"]
[BlackClock "0:00:10"]

1. d4 Nf6 2. c4 e6 3. Nf3 b6 4. g3 Bb7 5. Bg2 Be7 6. O-O O-O 7. Nc3 Ne4 8. Qc2 Nxc3 9. Qxc3 f5 10. Rd1 Bf6 11. Qd2 d6 12. a4 a5 13. d5 e5 14. Ng5 Qe7 15. Ne6 Re8 16. h4 Bc8 17. b3 Na6 18. e4 f4 19. Bh3 Kh8 20. Ba3 Nb8 21. Kh2 Ra7 22. Rg1 Nd7 23. h5 Nf8 24. Nxf8 Qxf8 25. Qe2 Bg5 26. Bxc8 Rxc8 27. Qg4 h6 28. Raf1 Raa8 29. Bc1 Qf6 30. f3 Rf8 31. Rg2 Kh7 32. gxf4 exf4 33. Bb2 Qf7 34. Re2 Rae8 35. e5 dxe5 36. Bxe5 Bf6 37. Qf5+ Kh8 38. Rfe1 Bxe5 39. Qxf7 Rxf7 40. Rxe5 Ref8 41. Re8 Kh7 42. R1e7 Rf5 43. Rxf8 Rxf8 44. Rxc7 Rf5 45. Rc6 Rxh5+ 46. Kg2 Re5 47. Rxb6 Re2+ 48. Kh3 g5 49. d6 h5 50. d7 Rd2 51. Rb7 Kg6 52. c5 Kf5 53. c6 g4+ 54. fxg4+ hxg4+ 55. Kh4 Rh2# 0-1


[Site "https://www.chess.com"]

[Event "Titled Tuesday Blitz May 23 Early 2023"]
[White "Lohani, Sujana"]
[Black "Mayaud, Raphael"]
[WhiteFideId "12311987"]
[BlackFideId "627151"]
[WhiteElo "1718"]
[BlackElo "2191"]
[Result "0-1"]
[Round "10"]
[TimeControl "180+2"]
[Date "2023.05.23"]
[WhiteClock "0:00:00"]
[BlackClock "0:00:11"]

1. d4 Nf6 2. Nf3 d5 3. c4 c6 4. Nc3 e6 5. Bg5 h6 6. Bxf6 Qxf6 7. e3 Nd7 8. Qb3 a5 9. Be2 Bd6 10. O-O O-O 11. e4 dxe4 12. Nxe4 Qe7 13. Nxd6 Qxd6 14. Qe3 b6 15. Rfd1 Bb7 16. Ne5 Rad8 17. Bf3 Nxe5 18. dxe5 Qc7 19. h3 Rxd1+ 20. Rxd1 Rd8 21. Rxd8+ Qxd8 22. c5 b5 23. Kh2 Qd7 24. a3 b4 25. axb4 axb4 26. Qf4 Qc7 27. Be4 Qa5 28. Qe3 Qa2 29. Qd4 g6 30. Qxb4 Ba6 31. f4 Bb5 32. Bc2 Qd5 33. Qe4 Qd2 34. Qf3 Qb4 35. b3 Qxc5 0-1


[Site "https://www.chess.com"]

[Event "Titled Tuesday Blitz May 23 Early 2023"]
[White "Dilmukhametov, Artur"]
[Black "Vargas, Mauricio"]
[WhiteFideId "24179922"]
[BlackFideId "4404572"]
[WhiteElo "2242"]
[BlackElo "1986"]
[Result "0-1"]
[Round "10"]
[TimeControl "180+2"]
[Date "2023.05.23"]
[WhiteClock "0:01:02"]
[BlackClock "0:00:50"]

1. e4 d5 2. exd5 Qxd5 3. Nc3 Qa5 4. d4 c6 5. Bf4 Nf6 6. Nf3 Bg4 7. Be2 e6 8. O-O Nbd7 9. Ne5 Bxe2 10. Qxe2 Be7 11. Qf3 Qb6 12. Nxd7 Nxd7 13. Qg3 Nf6 14. Qxg7 Rg8 15. Qh6 Rg6 16. Qh3 Qxd4 17. Rad1 Qxf4 18. Qd3 Rd8 19. Qe2 Rxd1 20. Rxd1 Qg4 21. Qxg4 Nxg4 22. Ne4 f5 23. Ng3 Bc5 24. Rd2 Rh6 25. h3 Nf6 26. Ne2 Ne4 0-1


[Site "https://www.chess.com"]

[Event "Titled Tuesday Blitz May 23 Early 2023"]
[White "Sanchez, Robert"]
[Black "dDobravcan"]
[WhiteFideId "2034360"]
[WhiteElo "1830"]
[BlackElo "2114"]
[Result "0-1"]
[Round "10"]
[TimeControl "180+2"]
[Date "2023.05.23"]
[WhiteClock "0:02:52"]
[BlackClock "0:02:01"]

1. e4 d6 2. d4 Nf6 3. Nc3 c6 4. f4 Qa5 5. Bd3 e5 6. Nf3 Nbd7 7. O-O exd4 8. Nxd4 Qb6 9. Be3 Qxb2 10. Qd2 Ng4 11. Kh1 Nxe3 12. Qxe3 Qxc3 13. e5 d5 14. e6 Nf6 15. exf7+ Kxf7 16. Bg6+ 0-1


[Site "https://www.chess.com"]

[Event "Titled Tuesday Blitz May 23 Early 2023"]
[White "Chyngyz, Sultai"]
[Black "Campos, Maria Jose"]
[WhiteFideId "13803158"]
[BlackFideId "146803"]
[WhiteElo "1408"]
[BlackElo "2170"]
[Result "1-0"]
[Round "10"]
[TimeControl "180+2"]
[Date "2023.05.23"]
[WhiteClock "0:00:12"]
[BlackClock "0:00:00"]

1. e4 e5 2. Nf3 Nc6 3. Bc4 Nf6 4. d3 Bc5 5. Nc3 d6 6. Na4 Bb6 7. c3 h6 8. O-O O-O 9. b4 Ne7 10. Nxb6 axb6 11. a4 Ng6 12. a5 bxa5 13. bxa5 Be6 14. Bxe6 fxe6 15. Qb3 Qd7 16. Be3 Nh5 17. d4 Rxf3 18. gxf3 Rf8 19. dxe5 Nxe5 20. f4 Nf3+ 21. Kh1 Kh8 22. Qxb7 Qe7 23. Rg1 Qh4 24. Rg2 Qh3 25. a6 Nh4 26. Rag1 Qf3 27. e5 d5 28. Qb1 Nxg2 29. Rxg2 Nxf4 30. Bxf4 Rxf4 31. a7 Ra4 32. h4 d4 33. Qb8+ Kh7 34. Qb1+ Kh8 35. cxd4 Rxa7 36. h5 Qh3+ 37. Kg1 Qg3 38. Rxg3 1-0


[Site "https://www.chess.com"]

[Event "Titled Tuesday Blitz May 23 Early 2023"]
[White "Hakobyan, Aram"]
[Black "Bortnyk, Olexandr"]
[WhiteFideId "13306677"]
[BlackFideId "14120828"]
[WhiteElo "2584"]
[BlackElo "2734"]
[Result "0-1"]
[Round "11"]
[TimeControl "180+2"]
[Date "2023.05.23"]
[WhiteClock "0:00:00"]
[BlackClock "0:00:09"]

1. d4 d6 2. Nf3 Nf6 3. c4 g6 4. Nc3 Bf5 5. Qb3 Qc8 6. Ng5 Nc6 7. e4 Bd7 8. Nf3 Bg7 9. h3 e5 10. d5 Nd4 11. Qd1 c5 12. dxc6 Bxc6 13. Bd3 O-O 14. O-O Nd7 15. Bg5 Nc5 16. Nxd4 exd4 17. Nd5 Bxd5 18. cxd5 Re8 19. Re1 Qd7 20. Rc1 Rac8 21. Bb1 a5 22. Qf3 Qb5 23. b3 a4 24. bxa4 Qxa4 25. Bf4 Qa6 26. Rcd1 Na4 27. Bd3 b5 28. Qg3 Be5 29. Bxe5 dxe5 30. Bf1 Nc3 31. Rd2 Qd6 32. h4 Qf6 33. h5 Kg7 34. Rb2 Rc5 35. Bd3 Ra8 36. Rf1 g5 37. Qh3 Rxa2 38. Rxa2 Nxa2 39. Qd7 Nc1 40. Bxb5 d3 41. d6 Qf4 42. g3 Qxe4 43. Ba6 Ne2+ 44. Kh2 Rd5 45. Bb7 d2 46. Bxd5 Qxd5 47. Qg4 Nd4 48. Qxg5+ Kf8 49. Qd8+ Kg7 50. Qg5+ Kf8 51. h6 Nf3+ 0-1


[Site "https://www.chess.com"]

[Event "Titled Tuesday Blitz May 23 Early 2023"]
[White "Matlakov, Maxim"]
[Black "Babazada, Khazar"]
[WhiteFideId "4168003"]
[BlackFideId "13413554"]
[WhiteElo "2666"]
[BlackElo "2351"]
[Result "1-0"]
[Round "11"]
[TimeControl "180+2"]
[Date "2023.05.23"]
[WhiteClock "0:00:33"]
[BlackClock "0:00:18"]

1. Nf3 Nf6 2. g3 g6 3. Bg2 Bg7 4. d4 d6 5. O-O O-O 6. Re1 c5 7. dxc5 dxc5 8. c3 Qc7 9. Bf4 Qb6 10. Qb3 Nc6 11. Nbd2 Be6 12. Qc2 Rfd8 13. Ne5 Nxe5 14. Bxe5 Qa6 15. Nb3 Rac8 16. h3 Bf5 17. e4 Be6 18. Nd2 Qd3 19. Qxd3 Rxd3 20. Bf4 Rcd8 21. Nf3 Ne8 22. Ng5 Bc8 23. Bf1 h6 24. Bxd3 hxg5 25. Bxg5 Rxd3 26. Rad1 c4 27. Rxd3 cxd3 28. Rd1 f6 29. Be3 Nd6 30. Rxd3 Bxh3 31. f3 b6 32. Bf4 Nf7 33. a4 Bc8 34. Bb8 a6 35. c4 f5 36. e5 Kf8 37. f4 Ke8 38. Rb3 g5 39. Rxb6 gxf4 40. gxf4 Bh6 41. Rg6 e6 42. c5 Bd7 43. c6 Bxc6 44. Rxe6+ Kd7 45. Rf6 Bd5 46. Rxa6 Be6 47. Ra7+ Ke8 48. Bd6 Bxf4 49. Re7+ 1-0


[Site "https://www.chess.com"]

[Event "Titled Tuesday Blitz May 23 Early 2023"]
[White "Sjugirov, Sanan"]
[Black "Sychev, Klementy"]
[WhiteFideId "4189302"]
[BlackFideId "4114060"]
[WhiteElo "2569"]
[BlackElo "2583"]
[Result "1-0"]
[Round "11"]
[TimeControl "180+2"]
[Date "2023.05.23"]
[WhiteClock "0:01:48"]
[BlackClock "0:00:00"]

1. d4 Nf6 2. c4 g6 3. Nc3 Bg7 4. e4 d6 5. Nf3 O-O 6. Be2 e5 7. d5 a5 8. h3 Qe8 9. Be3 Na6 10. g4 Nd7 11. Nd2 Ndc5 12. f3 Qe7 13. h4 f5 14. g5 fxe4 15. fxe4 Rf4 16. a3 a4 17. Qc2 Bd7 18. O-O-O Raf8 19. Rdg1 Be8 20. Kb1 c6 21. h5 gxh5 22. Bxh5 Bg6 23. Bxg6 hxg6 24. Rg2 Qf7 25. Rgh2 Rg4 26. Qd1 Rg3 27. Qe1 Rg4 28. Rh3 cxd5 29. cxd5 b5 30. Qe2 Rf4 31. Qh2 Qd7 32. Rh8+ Kf7 33. Rxf8+ Kxf8 34. Bxf4 exf4 35. Qxf4+ Kg8 36. Qh4 Bxc3 37. bxc3 Qg7 38. e5 Nc7 39. Qh3 Qxe5 40. Qh7+ Kf8 41. Rf1+ Ke8 42. Qg8+ Kd7 43. Rf7+ 1-0


[Site "https://www.chess.com"]

[Event "Titled Tuesday Blitz May 23 Early 2023"]
[White "Fridman, Daniel"]
[Black "Karthik Venkataraman"]
[WhiteFideId "11600454"]
[BlackFideId "25006479"]
[WhiteElo "2525"]
[BlackElo "2419"]
[Result "1-0"]
[Round "11"]
[TimeControl "180+2"]
[Date "2023.05.23"]
[WhiteClock "0:00:37"]
[BlackClock "0:00:09"]

1. d4 d5 2. Nf3 e6 3. g3 Nf6 4. Bg2 b5 5. O-O Bb7 6. a4 b4 7. c4 dxc4 8. Nbd2 Bd5 9. Qc2 c3 10. bxc3 bxc3 11. Qxc3 Nbd7 12. Ba3 Bd6 13. Bxd6 cxd6 14. Qa3 Ke7 15. Rfc1 Qb6 16. Rab1 Qa6 17. Bf1 Bxf3 18. exf3 Qa5 19. Qxd6+ Kxd6 20. Nc4+ Ke7 21. Nxa5 Rhc8 22. Rxc8 Rxc8 23. Rb7 a6 24. Bxa6 Rc1+ 25. Kg2 Kd6 26. Bb5 e5 27. Nc4+ Ke6 28. dxe5 Nxe5 29. Nxe5 Kxe5 30. Rxf7 g5 31. Rg7 h6 32. Rg6 Rc2 33. Rxh6 Nd5 34. Rg6 Ne3+ 35. Kh3 Rxf2 36. Rxg5+ Kf6 37. f4 Rb2 38. a5 Ra2 39. a6 Nf5 40. Bd3 Nd4 41. Rg6+ Kf7 42. Kg4 Ra3 43. Rd6 Rxd3 44. a7 Ra3 45. Rxd4 Rxa7 46. Rd5 Kg7 47. Rg5+ Kf6 48. h4 Rf7 49. Rf5+ Kg6 50. Rxf7 Kxf7 51. Kg5 1-0


[Site "https://www.chess.com"]

[Event "Titled Tuesday Blitz May 23 Early 2023"]
[White "Hayrapetyan, Hovik"]
[Black "Drygalov, Andrey"]
[WhiteFideId "13302639"]
[BlackFideId "24171735"]
[WhiteElo "2348"]
[BlackElo "2466"]
[Result "0-1"]
[Round "11"]
[TimeControl "180+2"]
[Date "2023.05.23"]
[WhiteClock "0:00:00"]
[BlackClock "0:00:04"]

1. d4 Nf6 2. c4 e6 3. Nc3 Bb4 4. Nf3 O-O 5. Bg5 h6 6. Bh4 c5 7. Rc1 d5 8. cxd5 exd5 9. dxc5 g5 10. Bg3 Nc6 11. e3 Ne4 12. Be2 Bxc3+ 13. bxc3 Nxc5 14. c4 dxc4 15. Bxc4 Qxd1+ 16. Kxd1 Ne4 17. Ke2 Bf5 18. Rhd1 Rac8 19. Nd2 Nxg3+ 20. hxg3 Ne5 21. Bd5 Bd3+ 22. Ke1 Ba6 23. Be4 Nd3+ 24. Bxd3 Bxd3 25. Nb3 Bb5 26. Nd4 Ba4 27. Rxc8 Rxc8 28. Rb1 b6 29. g4 Rc3 30. Kd2 Ra3 31. Rb2 Bd7 32. f3 b5 33. Nc2 Ra4 34. a3 Ra6 35. Rb3 Ra5 36. Rd3 Be6 37. Nb4 Bc4 38. Rc3 Kf8 39. Nc6 Ra6 40. Ne5 Be6 41. f4 f6 42. Ng6+ Ke8 43. f5 Bd5 44. g3 Bc4 45. e4 Rd6+ 46. Ke3 Rd1 47. e5 fxe5 48. Nxe5 Re1+ 49. Kd4 Rd1+ 50. Kc5 Rd5+ 51. Kc6 Rxe5 52. Kd6 Rd5+ 53. Kc6 Rd8 54. Re3+ Kf7 55. Kb7 Rd7+ 56. Ka6 Re7 57. Rc3 Rc7 58. Ka5 Kf6 59. Re3 Re7 60. Rc3 Re4 0-1


[Site "https://www.chess.com"]

[Event "Titled Tuesday Blitz May 23 Early 2023"]
[White "Pranav Anand"]
[Black "Durarbayli, Vasif"]
[WhiteFideId "46626786"]
[BlackFideId "13402935"]
[WhiteElo "2389"]
[BlackElo "2551"]
[Result "1-0"]
[Round "11"]
[TimeControl "180+2"]
[Date "2023.05.23"]
[WhiteClock "0:00:04"]
[BlackClock "0:00:00"]

1. d4 Nf6 2. c4 e6 3. Nc3 Bb4 4. e3 O-O 5. Bd3 d6 6. Ne2 e5 7. O-O Nc6 8. Qc2 Bxc3 9. Qxc3 e4 10. Bc2 Re8 11. b4 Ne7 12. Bb2 Ng6 13. a4 Bg4 14. Rae1 Nh4 15. Ng3 Qd7 16. d5 Bf3 17. Bxe4 Bxe4 18. f3 Bg6 19. e4 Re7 20. Qd2 Rae8 21. Qg5 Nxf3+ 22. gxf3 h6 23. Qh4 Nh7 24. b5 f5 25. f4 fxe4 26. f5 Ng5 27. fxg6 Nf3+ 28. Rxf3 exf3 29. Rxe7 Rxe7 30. Kf2 Qe8 31. Kxf3 Re1 32. Qd4 Qxg6 33. Kg2 Re2+ 34. Kh3 Rc2 35. Ba1 h5 36. Qf4 Qg4+ 37. Qxg4 hxg4+ 38. Kxg4 Rxc4+ 39. Kg5 Rxa4 40. Bc3 Rc4 41. Ba1 Rc5 42. Nf5 Kf7 43. Nxg7 Rxb5 44. Nf5 Rxd5 45. h4 Rd1 46. Bb2 Rb1 47. Bd4 c5 48. Be3 1-0


[Site "https://www.chess.com"]

[Event "Titled Tuesday Blitz May 23 Early 2023"]
[White "Bacrot, Etienne"]
[Black "Dubov, Daniil"]
[WhiteFideId "605506"]
[BlackFideId "24126055"]
[WhiteElo "2672"]
[BlackElo "2793"]
[Result "0-1"]
[Round "11"]
[TimeControl "180+2"]
[Date "2023.05.23"]
[WhiteClock "0:00:00"]
[BlackClock "0:00:58"]

1. d4 Nf6 2. Nf3 g6 3. g3 Bg7 4. Bg2 O-O 5. O-O b6 6. b3 Bb7 7. Bb2 c5 8. e3 cxd4 9. exd4 d5 10. Nbd2 Nc6 11. Re1 Rc8 12. h3 e6 13. Ne5 Qc7 14. Rc1 Rfd8 15. Qe2 Nb4 16. a3 Ba6 17. c4 Nc6 18. Qe3 Bb7 19. c5 Nxe5 20. dxe5 d4 21. Qf4 Nd5 22. Qxd4 bxc5 23. Qe4 Bh6 24. Qe2 Bxd2 25. Qxd2 Nb4 0-1


[Site "https://www.chess.com"]